 Dungeon Crawl Stone Soup version 0.22.0-38-g04b72b8c25 (webtiles) character file.

848649 Peloso the Minotaur Barricade (level 27, -2/393 (409) HPs)
             Began as a Minotaur Fighter on Aug 26, 2018.
             Was the Champion of Okawaru.
             Killed from afar by an Ice Fiend (9 damage)
             ... with a bolt of cold
             ... on level 7 of Cocytus on Aug 27, 2018.
             The game lasted 05:56:22 (79805 turns).

Peloso the Minotaur Barricade (Minotaur Fighter)   Turns: 79805, Time: 05:56:24

HP:   -2/393 (409)  AC: 43    Str: 45    XL:     27
MP:   0/24          EV: 32    Int:  5    God:    Okawaru [******]
Gold: 6333          SH: 32    Dex: 21    Spells: 26/26 levels left

rFire    + + +     SeeInvis .   a - +9 double sword (venom)
rCold    + + +     Gourm    .   b - +1 large shield {AC+3}
rNeg     + + +     Faith    .   X - +8 plate armour of Pusios {-Cast +Fly rC++ Dex+2 Slay+3}
rPois    +         Spirit   +   K - +2 hat of the Bear Spirit {Spirit, +Rage rN+ MR++}
rElec    +         Reflect  .   Q - +2 cloak of Kleptomania {+Fly MR+ rCorr Int-2}
rCorr    +         Harm     .   Y - +0 pair of gloves of Freedom {Int+4 Slay+6}
MR       +++++     NoCast   +   k - +0 pair of boots of Fashionability {rF+ Str+5}
Stlth    ..........             t - amulet of Dais {rPois Regen+ Dex+6}
HPRegen  1.15/turn              g - ring "Dayl" {rF+ rN+ MR+ Str+3}
MPRegen  0.19/turn              l - ring "Gokhlaw" {rElec rN+ MR+ Int-2 Dex+3}

@: berserking (expiring), resistant, studying Crossbows, very quick
A: retaliatory headbutt, horns 2, clumsy 2, cold resistance 1, deterioration 1,
mutation resistance 1, strong 1, no potion heal 2, subdued magic 1, sturdy frame
1
}: 5/15 runes: decaying, serpentine, slimy, silver, abyssal
a: Heroism, Finesse, Renounce Religion, Evoke Berserk Rage, Evoke Flight


You were on level 7 of Cocytus.
You worshipped Okawaru.
Okawaru was exalted by your worship.
You were not hungry.

You visited 15 branches of the dungeon, and saw 67 of its levels.
You visited the Abyss 3 times.
You also visited: Trove, Sewer and Ice Cave.

You collected 10246 gold pieces.
You spent 3913 gold pieces at shops.

Inventory:

Hand Weapons
 a - a +9 double sword of venom (weapon)
 j - a +1 scimitar of distortion
 q - a +8 demon blade of flaming
 x - the +8 falchion of Ximyath {pain, rF+}
   (Okawaru gifted it to you on level 7 of Cocytus)

   In the hands of one skilled in necromantic magic, it inflicts extra damage on
   living creatures.
   It protects you from fire.
Armour
 b - a +1 large shield of protection (worn)
 k - the +0 pair of boots of Fashionability (worn) {rF+ Str+5}
   (Okawaru gifted it to you on level 4 of the Depths)

   It affects your strength (+5).
   It protects you from fire.
 o - a +2 hat of see invisible
 r - the +4 dragonskin cloak
   (You took it off Tiamat on level 1 of the Realm of Zot)
 K - the +2 hat of the Bear Spirit (worn) {Spirit, +Rage rN+ MR++}
   (You found it on level 3 of the Elven Halls)

   It protects you from negative energy.
   It affects your resistance to hostile enchantments.
   It lets you go berserk.
 Q - the +2 cloak of Kleptomania (worn) {+Fly MR+ rCorr Int-2}
   (You found it on level 5 of the Vaults)

   It affects your intelligence (-2).
   It affects your resistance to hostile enchantments.
   It lets you fly.
   It provides partial protection from all sources of acid and corrosion.
 X - the +8 plate armour of Pusios (worn) {-Cast +Fly rC++ Dex+2 Slay+3}
   (You bought it in a shop on level 2 of the Orcish Mines)

   It affects your dexterity (+2).
   It affects your accuracy and damage with ranged weapons and melee attacks
   (+3).
   It greatly protects you from cold.
   It lets you fly.
   It prevents spellcasting.
 Y - the +0 pair of gloves of Freedom (worn) {Int+4 Slay+6}
   (You bought it in a shop on level 2 of the Orcish Mines)

   It affects your intelligence (+4).
   It affects your accuracy and damage with ranged weapons and melee attacks
   (+6).
Jewellery
 g - the ring "Dayl" (left hand) {rF+ rN+ MR+ Str+3}
   (You bought it in a shop on level 1 of the Elven Halls)

   [ring of positive energy]

   It affects your strength (+3).
   It protects you from fire.
   It protects you from negative energy.
   It affects your resistance to hostile enchantments.
 l - the ring "Gokhlaw" (right hand) {rElec rN+ MR+ Int-2 Dex+3}
   (You acquired it on level 5 of the Vaults)

   [ring of protection from magic]

   It affects your intelligence (-2).
   It affects your dexterity (+3).
   It insulates you from electricity.
   It protects you from negative energy.
   It affects your resistance to hostile enchantments.
 s - a +3 amulet of reflection
 t - the amulet of Dais (around neck) {rPois Regen+ Dex+6}
   (You found it on level 5 of the Pits of Slime)

   [amulet of regeneration]

   It affects your dexterity (+6).
   It protects you from poison.
   It increases your rate of regeneration.
 S - an uncursed amulet of the gourmand
 U - the ring "Mugh" {*Contam rF- Int+8 Dex+6 Slay+2 Stlth+}
   (You took it off a guardian mummy on level 1 of the Tomb of the Ancients)

   [ring of slaying]

   It affects your intelligence (+8).
   It affects your dexterity (+6).
   It affects your accuracy and damage with ranged weapons and melee attacks
   (+2).
   It makes you vulnerable to fire.
   It causes magical contamination when unequipped.
   It makes you more stealthy.
Wands
 c - a wand of flame (39)
 F - a wand of digging (65)
Scrolls
 e - 4 scrolls of blinking
 h - 20 scrolls of identify
 m - 4 scrolls of holy word
 p - 18 scrolls of teleportation
 v - 12 scrolls of fear
 w - 8 scrolls of fog
 y - 21 scrolls of remove curse
 A - 8 scrolls of noise
 E - 11 scrolls of magic mapping
 I - 3 scrolls of summoning
Potions
 d - 8 potions of might
 n - 10 potions of heal wounds
 u - 3 potions of flight
 B - 22 potions of curing
 C - 3 potions of berserk rage
 N - 3 potions of resistance
 O - a potion of brilliance
 P - 10 potions of agility
Books
 i - a manual of Crossbows
Comestibles
 f - 72 rations
 z - 3 chunks of flesh


   Skills:
 O Level 27 Fighting
   Level 11.2(19.8) Short Blades
 O Level 27 Long Blades
   Level 2.4 Axes
 O Level 27 Armour
 O Level 27 Dodging
 + Level 12.8 Stealth
 O Level 27 Shields
 + Level 3.9 Invocations
 + Level 2.2 Evocations


You had 26 spell levels left.
You didn't know any spells.
Your spell library contained the following spells:

 Spells                   Type           Power        Failure   Level  Hunger
 Animate Skeleton         Necr           N/A          63%         1    ##.....
 Apportation              Tloc           #.....       63%         1    ##.....
 Confusing Touch          Hex            #.....       63%         1    ##.....
 Corona                   Hex            #......      63%         1    ##.....
 Flame Tongue             Conj/Fire      #....        63%         1    ##.....
 Freeze                   Ice            #...         63%         1    ##.....
 Infusion                 Chrm           #...         63%         1    ##.....
 Magic Dart               Conj           #...         63%         1    ##.....
 Pain                     Necr           #...         63%         1    ##.....
 Sandblast                Erth           #.....       63%         1    ##.....
 Shock                    Conj/Air       #...         63%         1    ##.....
 Sting                    Conj/Pois      #...         63%         1    ##.....
 Summon Butterflies       Summ           #.......     63%         1    ##.....
 Summon Small Mammal      Summ           #...         63%         1    ##.....
 Blink                    Tloc           N/A          77%         2    ###....
 Call Imp                 Summ           #.......     77%         2    ###....
 Corpse Rot               Necr           N/A          77%         2    ###....
 Ensorcelled Hibernation  Hex/Ice        #.....       77%         2    ###....
 Passwall                 Tmut/Erth      #.......     77%         2    ###....
 Poisonous Vapours        Pois/Air       #.....       77%         2    ###....
 Searing Ray              Conj           #.....       77%         2    ###....
 Shroud of Golubria       Chrm/Tloc      #.........   77%         2    ###....
 Slow                     Hex            #.......     77%         2    ###....
 Song of Slaying          Chrm           #.......     77%         2    ###....
 Swiftness                Chrm/Air       #.......     77%         2    ###....
 Throw Flame              Conj/Fire      #.....       77%         2    ###....
 Throw Frost              Conj/Ice       #.....       77%         2    ###....
 Call Canine Familiar     Summ           #.......     94%         3    ####...
 Confuse                  Hex            #.......     94%         3    ####...
 Conjure Flame            Conj/Fire      #.......     94%         3    ####...
 Dazzling Spray           Conj/Hex       #.....       94%         3    ####...
 Gell's Gravitas          Tloc           #.........   94%         3    ####...
 Ignite Poison            Fire/Tmut/Pois #.......     94%         3    ####...
 Inner Flame              Hex/Fire       #.......     94%         3    ####...
 Lesser Beckoning         Tloc           #.........   94%         3    ####...
 Mephitic Cloud           Conj/Pois/Air  #.......     94%         3    ####...
 Ozocubu's Armour         Chrm/Ice       #.......     94%         3    ####...
 Portal Projectile        Hex/Tloc       #.....       94%         3    ####...
 Regeneration             Chrm/Necr      #.........   94%         3    ####...
 Spectral Weapon          Hex/Chrm       #.......     94%         3    ####...
 Static Discharge         Conj/Air       #.......     94%         3    ####...
 Stone Arrow              Conj/Erth      #.....       94%         3    ####...
 Summon Guardian Golem    Hex/Summ       #.......     94%         3    ####...
 Teleport Other           Tloc           #.......     94%         3    ####...
 Tukima's Dance           Hex            #.......     94%         3    ####...
 Vampiric Draining        Necr           #.........   94%         3    ####...
 Airstrike                Air            #.........   100%        4    #####..
 Animate Dead             Necr           N/A          100%        4    #####..
 Cause Fear               Hex            #.........   100%        4    #####..
 Force Lance              Conj/Tloc      #.......     100%        4    #####..
 Fulminant Prism          Conj/Hex       #.........   100%        4    #####..
 Ice Form                 Ice/Tmut       #.......     100%        4    #####..
 Iskenderun's Mystic Bla  Conj           #.......     100%        4    #####..
 Leda's Liquefaction      Hex/Erth       #.........   100%        4    #####..
 Olgreb's Toxic Radiance  Pois           #.......     100%        4    #####..
 Petrify                  Tmut/Erth      #.......     100%        4    #####..
 Sticky Flame             Conj/Fire      #.......     100%        4    #####..
 Summon Ice Beast         Ice/Summ       #.......     100%        4    #####..
 Summon Lightning Spire   Summ/Air       #.......     100%        4    #####..
 Throw Icicle             Conj/Ice       #.......     100%        4    #####..
 Bolt of Magma            Conj/Fire/Erth #.........   100%        5    ######.
 Borgnjor's Vile Clutch   Necr/Erth      #.........   100%        5    ######.
 Dispel Undead            Necr           #.......     100%        5    ######.
 Excruciating Wounds      Chrm/Necr      #.........   100%        5    ######.
 Fireball                 Conj/Fire      #.........   100%        5    ######.
 Irradiate                Conj/Tmut      #.........   100%        5    ######.
 Iskenderun's Battlesphe  Conj/Chrm      #.......     100%        5    ######.
 Lightning Bolt           Conj/Air       #.........   100%        5    ######.
 Metabolic Englaciation   Hex/Ice        #.........   100%        5    ######.
 Silence                  Hex/Air        #.........   100%        5    ######.
 Summon Forest            Summ/Tloc      #.........   100%        5    ######.
 Summon Mana Viper        Hex/Summ       #.......     100%        5    ######.
 Venom Bolt               Conj/Pois      #.........   100%        5    ######.
 Yara's Violent Unravell  Hex/Tmut       #.........   100%        5    ######.
 Bolt of Cold             Conj/Ice       #.........   100%        6    #######
 Bolt of Fire             Conj/Fire      #.........   100%        6    #######
 Conjure Ball Lightning   Conj/Air       #.........   100%        6    #######
 Deflect Missiles         Chrm/Air       #.........   100%        6    #######
 Dispersal                Tloc           #.........   100%        6    #######
 Freezing Cloud           Conj/Ice/Air   #.........   100%        6    #######
 Hydra Form               Tmut           #.........   100%        6    #######
 Iron Shot                Conj/Erth      #.........   100%        6    #######
 Ozocubu's Refrigeration  Ice            #.........   100%        6    #######
 Poison Arrow             Conj/Pois      #.........   100%        6    #######
 Simulacrum               Ice/Necr       #.........   100%        6    #######
 Statue Form              Tmut/Erth      #........    100%        6    #######
 Malign Gateway           Summ/Tloc      #.........   100%        7    #######
 Monstrous Menagerie      Summ           #.........   100%        7    #######
 Orb of Destruction       Conj           #.........   100%        7    #######
 Ring of Flames           Chrm/Fire      #.........   100%        7    #######
 Spellforged Servitor     Conj/Summ      #.........   100%        7    #######
 Summon Greater Demon     Summ           #.........   100%        7    #######
 Summon Hydra             Summ           #.........   100%        7    #######
 Chain Lightning          Conj/Air       #.........   100%        8    #######
 Discord                  Hex            #.........   100%        8    #######
 Ignition                 Fire           #.........   100%        8    #######
 Lehudib's Crystal Spear  Conj/Erth      #.........   100%        8    #######
 Summon Horrible Things   Summ           #.........   100%        8    #######
 Fire Storm               Conj/Fire      #.........   100%        9    #######
 Glaciate                 Conj/Ice       #.........   100%        9    #######
 Shatter                  Erth           #.........   100%        9    #######
 Tornado                  Air            #.........   100%        9    #######


Dungeon Overview and Level Annotations

Branches:
Dungeon (15/15)            Temple (1/1) D:5            Lair (6/6) D:10
  Swamp (4/4) Lair:3        Snake (4/4) Lair:4        Slime (5/5) Lair:6
    Orc (2/2) D:10            Elf (3/3) Orc:2        Vaults (5/5) D:14
  Crypt (3/3) Vaults:2       Tomb (1/3) Crypt:3      Depths (5/5) D:15
   Hell (1/1)                 Dis (0/7) Hell            Geh (0/7) Hell
    Coc (7/7) Hell            Tar (0/7) Hell            Zot (5/5) Depths:5

Altars:
Ashenzari
Cheibriados
Dithmenos
Elyvilon
Fedhas
Gozag
Hepliaklqana
Kikubaaqudgha
Makhleb
Nemelex Xobeh
Okawaru
Qazlal
Ru
Sif Muna
Trog
Uskayaw
Vehumet
Wu Jian
Xom
Yredelemnul
Zin
The Shining One
Beogh
Jiyva
Lugonu

Shops:
D:6 [   D:13 [   Orc:1 *   Orc:2 (?([   Elf:1 =   Elf:2 :   Snake:2 !%*!
Snake:3 (   Snake:4 (::   Vaults:1 !   Vaults:3 (   Vaults:4 }   Vaults:5 !
Depths:1 (   Depths:4 [

Portals:
Hell: Lair:6 Depths:1 Depths:2 Depths:3 Depths:4 Depths:5
Abyss: Depths:4 Depths:5
Pandemonium: Depths:3 Depths:5
Ziggurat: Depths:4

Annotations:
Coc:7 Antaeus


Innate Abilities, Weirdness & Mutations

You reflexively headbutt those who attack you in melee.
You have a pair of horns on your head.
You are very clumsy. (Dex -4)
Your flesh is cold resistant. (rC+)
Your body sometimes deteriorates upon taking damage.
You are somewhat resistant to further mutation.
Your muscles are strong. (Str +2)
Potions are poor at restoring your health.
Your spells are a little easier to cast, but a little less powerful.
Your movements are slightly less encumbered by armour. (ER -2)


Message History

Antaeus is severely wounded.
You are engulfed in freezing vapours.
You resist. The Ice Fiend misses you. You furiously retaliate!
You headbutt the Ice Fiend! You block the Ice Fiend's attack.
You block the ice devil's attack.
The four-headed hydra zombie is engulfed in freezing vapours.
The four-headed hydra zombie completely misses you. x3
You block the four-headed hydra zombie's attack.
You slash Antaeus!
Antaeus looks as sick as possible!
Antaeus is severely wounded.
You are engulfed in freezing vapours.
You resist.
Antaeus is engulfed in freezing vapours.
Antaeus barely misses you. You furiously retaliate!
You headbutt Antaeus, but do no damage. You block Antaeus's attack.
The Ice Fiend gestures at you. The bolt of cold misses you.
The bolt of cold hits the Ice Fiend.
The Ice Fiend completely resists.
The Ice Fiend gestures at you.
The bolt of cold hits the Ice Fiend.
The Ice Fiend completely resists.
The bolt of cold hits you! You resist.
You die...

.≈≈≈#≈≈≈≈,,≈≈*##≈≈.........≈≈≈≈##
≈≈≈≈#≈≈≈≈≈≈≈≈*#≈≈...........≈≈≈##
≈≈≈≈#≈≈≈≈≈≈≈≈##≈≈...........≈≈≈##
≈≈≈≈#≈≈≈≈≈≈≈*#≈≈....#####....≈≈##
≈≈≈≈#≈≈≈≈≈≈≈*#≈....##,,,*#...≈≈#≈
≈≈≈≈#≈≈≈≈≈≈≈*#≈.§..#,,,,,*....≈≈≈
≈≈≈≈#≈≈≈≈≈≈≈*#≈.§≈.#,,,,,*,...≈≈≈
.≈≈≈≈≈≈≈≈≈≈≈*#§Z14.#,,,,,*,,,,≈≈≈
..≈≈≈≈≈≈≈.≈≈*#§§@11#*,,,**,,,,≈≈≈
...≈≈≈≈≈..≈#*#≈21C..#*+**,,,,,≈≈≈
...≈≈≈≈..≈≈# #≈≈.W......,,,,,≈≈≈≈
.÷).≈....≈≈# #≈≈≈.......,,,,≈≈≈≈≈
≈.∩...∩.≈≈≈# #≈≈≈≈......,,,≈≈≈≈≈≈
≈.......≈≈≈# #≈≈≈≈≈≈....,,≈≈≈≈≈≈≈
≈≈≈.∩.≈≈≈≈≈# #≈≈≈≈≈≈≈...≈≈≈≈≈≈≈≈≈
≈≈≈≈≈≈≈≈≈≈## #≈≈≈≈≈≈≈≈≈≈≈≈≈≈≈≈≈≈≈
≈≈≈≈≈≈≈≈≈≈# **≈≈≈≈≈≈≈≈≈≈≈≈≈≈≈≈≈≈


You could see Antaeus, 4 Ice Fiends, a blizzard demon, an ice devil, a freezing
wraith and a four-headed hydra zombie.

Vanquished Creatures
  the Royal Jelly (Slime:5)
  Tiamat (Zot:1)
  8 orbs of fire
  4 ancient liches
  Mennas (Crypt:3)
  4 juggernauts
  A greater mummy (Tomb:1)
  Sojobo (Crypt:1)
  the Lernaean hydra (Swamp:4)
  Frederick (Vaults:5)
  21 shard shrikes
  7 Killer Klowns
  Xtahua (Depths:3)
  3 caustic shrikes
  The ghost of Jafuaxoa the Slayer, a veteran MiBe of Trog (Crypt:3)
  The ghost of Wextenot the Earth Mage, a veteran FoFi of Cheibriados (Elf:2)
  18 golden dragons
  2 curse toes
  Nikola (Elf:1)
  Jory (Crypt:3)
  Geryon (Hell)
  8 bone dragons
  2 electric golems (Zot:5)
  Rupert (Lair:6)
  18 tentacled monstrosities
  11 liches
  A hellephant (Abyss:5)
  8 Ice Fiends
  23 acid blobs
  7 quicksilver dragons
  Asterion (Snake:2)
  3 deep elf blademasters
  25 Orb Guardians (Zot:5)
  An Executioner (Abyss:3)
  2 deep elf master archers (Elf:3)
  5 death cobs
  2 tentacled starspawn
  7 titans
  An eldritch tentacle (Coc:6)
  12 sphinxes
  Frances (D:13)
  12 storm dragons
  3 ancient champions
  Agnes (Snake:3)
  12 tengu reavers
  A thorn hunter (Swamp:2)
  10 draconian monks
  11 shadow dragons
  11 fire giants
  10 nagarajas
  4 azure jellies
  9 deep elf sorcerers
  A ghost moth (shapeshifter) (D:14)
  7 frost giants
  An orc warlord (Orc:2)
  5 draconian knights
  8 vault wardens
  2 balrugs (Hell)
  3 ghost moths
  8 draconian scorchers
  6 draconian stormcallers
  4 iron dragons
  3 curse skulls
  The ghost of Ynegyoj the Severer, a journeyman MiBe of Trog (D:13)
  5 draconian shifters
  14 ironheart preservers
  3 deep elf elementalists
  3 spriggan defenders
  4 cacodemons
  7 ghouls
  2 elemental wellsprings (Coc:7)
  13 reapers
  23 very ugly things
  5 war gargoyles
  9 draconian annihilators
  12 vampire knights
  An entropy weaver (Vaults:4)
  19 stone giants
  14 green draconians
  7 deep elf demonologists
  8 spark wasps
  14 white draconians
  A lorocyproca (Hell)
  11 black draconians
  9 purple draconians
  14 red draconians
  9 yellow draconians
  8 deep elf annihilators (Elf:3)
  7 eidola
  5 ettins
  A merfolk javelineer (Depths:1)
  4 death oozes (Slime:5)
  12 deep elf death magi
  A crystal guardian (D:13)
  12 blizzard demons
  2 quicksilver dragon zombies
  18 fire dragons
  10 mummy priests
  5 deep elf high priests
  8 jiangshi
  Snorg (D:13)
  10 ogre magi
  6 rakshasas
  2 kraken zombies
  Josephine (Lair:5)
  17 great orbs of eyes
  19 yaktaur captains
  23 hydras
  A spriggan air mage (Depths:4)
  Erolcha (Orc:1)
  The ghost of Footeic the Cleaver, a journeyman DsGl of Makhleb (Orc:1)
  23 naga warriors
  3 quicksilver dragon skeletons
  5 anacondas
  31 ice dragons
  4 death knights
  Erica (D:11)
  28 vault guards
  10 centaur warriors
  39 two-headed ogres
  7 death yaks
  3 tengu warriors
  16 death scarabs (Tomb:1)
  9 deep troll shamans
  29 dancing weapons
  14 alligators
  3 spriggan berserkers (Depths:2)
  Urug (Lair:5)
  4 hell hogs
  2 orc high priests
  8 thrashing horrors
  8 vampire magi
  16 deep troll earth magi
  15 naga sharpshooters
  8 soul eaters
  2 titan zombies
  3 storm dragon zombies
  Sonja (Lair:6)
  6 shock serpents
  3 wretched stars
  35 deep elf knights
  9 sun demons
  4 titan skeletons
  Nergalle (Lair:2)
  2 iron golems (Hell)
  3 storm dragon skeletons
  40 skeletal warriors
  19 hell knights
  A fire crab (shapeshifter) (Depths:2)
  6 shadow wraiths
  3 salamander mystics
  A ghost moth zombie (Coc:7)
  A shadow demon (Depths:3)
  3 sixfirhies
  A spriggan druid (Swamp:4)
  6 anaconda zombies
  5 unseen horrors
  26 deep trolls
  4 golden dragon zombies
  A death drake (Zot:1)
  6 glowing orange brains
  An infernal demonspawn (Depths:3)
  2 spatial maelstroms (Abyss:2)
  A deep troll (shapeshifter) (Vaults:5)
  14 ironbrand convokers
  10 swamp dragons
  A kraken simulacrum (Coc:1)
  An unseen horror (shapeshifter) (Vaults:1)
  4 naga ritualists
  7 flayed ghosts
  4 wizards
  A lindwurm (Zot:1)
  13 phantasmal warriors
  A lindwurm (shapeshifter) (Vaults:2)
  An orange crystal statue (Tomb:1)
  2 anaconda skeletons
  2 shadow dragon zombies
  4 harpies (Vaults:2)
  13 necromancers
  10 orc knights
  5 wolf spiders
  8 mana vipers
  An iron dragon zombie (Coc:6)
  25 deep elf archers
  A human zombie (Vaults:4)
  9 salamanders
  63 deep elf magi
  2 sphinx zombies (Depths:3)
  2 wolf spider zombies
  2 fire giant zombies
  A shadow dragon skeleton (Coc:4)
  6 orc sorcerers
  3 frost giant zombies
  A cyclops (shapeshifter) (Vaults:4)
  A tengu skeleton (Depths:4)
  2 manticores (D:15)
  3 stone giant zombies
  2 elephants
  2 iron dragon skeletons
  3 worldbinders
  4 oklob plants
  43 ugly things
  A manticore (shapeshifter) (Vaults:2)
  9 shining eyes
  2 frost giant skeletons
  2 black mambas (shapeshifter)
  28 moths of wrath
  Joseph (Lair:2)
  A salamander (shapeshifter) (Vaults:5)
  4 dire elephant zombies
  3 fire giant skeletons
  21 black mambas
  A moth of wrath (shapeshifter) (Vaults:5)
  17 vault sentinels
  A stone giant skeleton (Coc:7)
  3 ice statues
  8 rust devils (Hell)
  An apocalypse crab (Abyss:2)
  A gargoyle (D:13)
  13 spiny frogs
  34 naga magi
  A titan simulacrum (Vaults:4)
  7 guardian serpents
  7 smoke demons
  An eye of devastation (Slime:5)
  A purple draconian zombie (Coc:4)
  8 rime drakes
  2 yaktaur zombies
  3 orange demons
  An alligator snapping turtle skeleton (Crypt:1)
  7 tormentors
  An efreet (Abyss:2)
  A komodo dragon (shapeshifter) (D:14)
  29 ice devils
  9 komodo dragons
  50 yaktaurs
  2 kobold demonologists (D:15)
  4 red devils
  3 human skeletons
  An emperor scorpion zombie (Coc:7)
  2 hellions
  11 guardian mummies
  A hellwing (Abyss:2)
  An anaconda simulacrum (Hell)
  A sea snake zombie (Crypt:1)
  21 freezing wraiths
  An iron troll skeleton (Crypt:1)
  2 tengu conjurers
  6 hydra zombies
  6 ancient zymes
  A meliai (shapeshifter) (Depths:3)
  A harpy zombie (Coc:6)
  6 trolls
  16 polar bears (IceCv)
  A polar bear (shapeshifter) (Vaults:3)
  2 harpy skeletons
  10 hornets
  7 raiju
  7 tyrant leeches
  23 blink frogs
  An iron dragon simulacrum (Coc:7)
  7 alligator zombies
  A blink frog (shapeshifter) (Vaults:1)
  16 bog bodies
  3 hydra skeletons
  2 ice dragon zombies (Crypt:3)
  3 dream sheep
  A stone giant simulacrum (Coc:6)
  2 ettin zombies (Coc:7)
  A meliai zombie (Crypt:2)
  11 hippogriffs
  2 human simulacra (Vaults:4)
  49 flying skulls
  5 spriggans
  A fire dragon skeleton (Coc:2)
  128 slime creatures
  2 redbacks (Vaults:4)
  5 ettin skeletons
  Sigmund (D:4)
  21 wraiths
  30 large abominations
  2 alligator skeletons
  A ynoxinul (Abyss:4)
  A tarantella (shapeshifter) (Depths:3)
  An ushabti (Tomb:1)
  15 water elementals
  49 yaks
  9 shadows
  A tarantella (Vaults:4)
  25 vampires
  A wind drake zombie (Crypt:1)
  2 wyverns
  10 fire elementals
  Eustachio (D:5)
  4 basilisks
  2 basilisks (shapeshifter)
  4 hungry ghosts
  A hog (shapeshifter) (Vaults:5)
  3 golden eyes
  15 vampire mosquitoes
  2 steam dragons
  3 neqoxecs
  An elf simulacrum (Depths:4)
  16 small abominations
  2 deep troll zombies (Crypt:1)
  3 wargs
  A merfolk zombie (Crypt:3)
  3 spatial vortices
  A warg (shapeshifter) (Depths:2)
  The ghost of Rrauwl the Poker, an amateur TeMo of Gozag (D:3)
  62 nagas
  5 insubstantial wisps
  Menkaure (D:4)
  16 swamp worms
  15 water moccasins
  4 acid dragons
  A soldier ant (D:14)
  A gelid demonspawn skeleton (Crypt:2)
  A water nymph skeleton (Crypt:3)
  A hydra simulacrum (Coc:7)
  6 porcupines
  11 hell hounds
  10 spiny frog zombies
  A deep troll skeleton (Crypt:1)
  An eye of draining (shapeshifter) (D:14)
  2 snapping turtle zombies
  8 ice beasts
  46 orc warriors
  11 swamp drakes
  4 black bears
  2 elf zombies
  An alligator simulacrum (Coc:6)
  2 swamp dragon zombies
  Purgy (Sewer)
  4 phantoms
  8 eyes of draining
  A blink frog zombie (Crypt:2)
  5 necrophages
  46 centaurs
  14 wolves
  A manticore skeleton (Coc:7)
  30 ogres
  2 snapping turtle skeletons (Crypt:1)
  14 crocodiles
  2 swamp dragon skeletons (Coc:7)
  Blork the orc (D:4)
  5 big kobolds
  An octopode zombie (Crypt:1)
  15 bullfrogs
  2 komodo dragon skeletons
  An ogre simulacrum (Vaults:1)
  A spiny frog simulacrum (Hell)
  3 earth elementals
  A yaktaur skeleton (Crypt:2)
  2 warg zombies
  4 scorpions
  2 wyvern skeletons
  11 killer bees
  9 wights
  A troll skeleton (Coc:7)
  2 electric eels
  5 howler monkeys
  A polar bear skeleton (Crypt:3)
  A raiju skeleton (Crypt:3)
  A yak skeleton (Crypt:3)
  2 crimson imps
  2 bullfrog zombies
  2 quasits
  4 centaur zombies
  28 orc priests
  3 jellies
  32 orc wizards
  Crazy Yiuf (D:2)
  5 centaur skeletons
  4 hounds
  Ijyb (D:3)
  3 iguanas
  A porcupine zombie (Crypt:3)
  3 worker ants
  A naga zombie (Crypt:1)
  A felid zombie (Crypt:2)
  An ogre skeleton (Crypt:1)
  A hound zombie (D:5)
  A hound skeleton (D:8)
  15 mummies
  A worker ant zombie (D:7)
  4 gnolls (D:5)
  20 adders
  5 shadow imps
  18 white imps
  2 oozes (Lair:6)
  An adder zombie (Crypt:1)
  3 adder skeletons
  A worm (shapeshifter) (Vaults:4)
  5 worms
  9 leopard geckos
  106 orcs
  4 ball pythons
  3 giant cockroaches
  6 goblins
  6 hobgoblins
  4 jackals (D:1)
  21 kobolds
  5 quokkas
  10 bats
  13 frilled lizards
  A frilled lizard zombie (Crypt:3)
  A hobgoblin zombie (Crypt:3)
  A jackal skeleton (D:6)
  A leopard gecko zombie (D:8)
  An orc zombie (Hell)
  4 rats
  A bush (Lair:1)
  5 fungi (Lair:1)
  A lurking horror (Abyss:4)
  5 plants
  3 starspawn tentacles (Abyss:2)
  3 tentacles
3175 creatures vanquished.

Vanquished Creatures (others)
  A draconian knight (Zot:2)
  An elemental wellspring (Coc:1)
  A reaper (Coc:6)
  A stone giant (Depths:2)
  4 centaur warriors
  3 death scarabs (Tomb:1)
  An ogre mage (Vaults:5)
  A deep elf knight (Vaults:5)
  A harpy (Vaults:2)
  2 moths of wrath (Zot:5)
  3 yaktaurs
  A bog body (Swamp:2)
  A flying skull (Tomb:1)
  An ice dragon skeleton (Coc:6)
  A neqoxec (Abyss:5)
  A centaur (Depths:4)
  An orc wizard (Orc:2)
  An iguana (D:13)
  9 fungi
  5 plants
  2 starspawn tentacles (Abyss:2)
  13 tentacles
55 creatures vanquished.

Grand Total: 3230 creatures vanquished

Notes
Turn   | Place    | Note
-------+----------+-------------------------------------------
     0 | D:1      | Peloso the Minotaur Fighter began the quest for the Orb.
     0 | D:1      | Reached XP level 1. HP: 19/19 MP: 0/0
   143 | D:1      | Reached XP level 2. HP: 26/27 MP: 1/1
   922 | D:2      | Reached XP level 3. HP: 23/33 MP: 2/2
  1069 | D:2      | Found a hide-covered altar of Uskayaw.
  1180 | D:2      | Found an ornate altar of the Wu Jian Council.
  1255 | D:2      | Found a burning altar of Makhleb.
  1261 | D:2      | Reached skill level 1 in Dodging
  1261 | D:2      | Reached XP level 4. HP: 40/40 MP: 3/3
  1294 | D:2      | Found a faded altar of an unknown god.
  1456 | D:2      | Found a runed door.
  1651 | D:3      | Found a runed gate.
  1651 | D:3      | Found a runed gate.
  1653 | D:3      | Found a runed gate.
  1659 | D:3      | Noticed Rrauwl's ghost (amateur TeMo)
  1659 | D:3      | Noticed a centaur
  1829 | D:3      | Noticed Ijyb
  1850 | D:3      | Killed Ijyb
  1850 | D:3      | Reached XP level 5. HP: 44/46 MP: 4/4
  1868 | D:3      | Reached skill level 5 in Shields
  1958 | D:3      | Found a stormy altar of Qazlal.
  2649 | D:4      | Noticed Sigmund
  2657 | D:4      | Killed Sigmund
  2657 | D:4      | Reached skill level 5 in Long Blades
  2657 | D:4      | Reached skill level 5 in Armour
  2657 | D:4      | Reached XP level 6. HP: 52/53 MP: 5/5
  2661 | D:4      | Got an ichor-stained rapier
  2664 | D:4      | Identified the +7 rapier of Qait {pierce, rPois Str-2 Int+10 Dex-4} (You found it on level 4 of the Dungeon)
  2701 | D:4      | Found a hazy altar of Hepliaklqana.
  2729 | D:4      | Noticed Menkaure
  2733 | D:4      | Killed Menkaure
  2733 | D:4      | Reached XP level 7. HP: 39/60 MP: 6/6
  2873 | D:4      | Noticed Blork the orc
  2884 | D:4      | Reached skill level 1 in Short Blades
  2908 | D:4      | Killed Blork the orc
  3225 | D:4      | Found a glowing drain.
  3229 | Sewer    | Entered a sewer
  3257 | Sewer    | Noticed Purgy
  3265 | Sewer    | Killed Purgy
  3608 | D:2      | Noticed Crazy Yiuf
  3615 | D:2      | Killed Crazy Yiuf
  3729 | D:3      | Killed Rrauwl's ghost
  3729 | D:3      | Reached skill level 5 in Fighting
  3729 | D:3      | Reached XP level 8. HP: 12/68 MP: 7/7
  3798 | D:5      | Entered Level 5 of the Dungeon
  4096 | D:5      | Noticed Eustachio
  4131 | D:5      | Killed Eustachio
  4151 | D:5      | Found an ancient bone altar of Kikubaaqudgha.
  4213 | D:5      | Found a shattered altar of Ashenzari.
  4296 | D:5      | Found a staircase to the Ecumenical Temple.
  4309 | Temple   | Entered the Ecumenical Temple
  4355 | Temple   | Became a worshipper of Warmaster Okawaru
  4567 | D:5      | Reached skill level 5 in Short Blades
  4642 | D:5      | Found a glowing silver altar of Zin.
  4893 | D:5      | Found a shimmering altar of Xom.
  5278 | D:6      | Found an iron altar of Okawaru.
  5319 | D:6      | Found Binlonui's Armour Boutique.
  6010 | D:7      | Reached XP level 9. HP: 75/75 MP: 8/8
  6141 | D:7      | Reached * piety under Okawaru
  6165 | D:7      | Reached skill level 1 in Stealth
  6823 | D:8      | Reached ** piety under Okawaru
  6882 | D:8      | Noticed a three-headed hydra
  6890 | D:8      | Killed a one-headed hydra
  6890 | D:8      | Reached *** piety under Okawaru
  6890 | D:8      | Reached XP level 10. HP: 51/84 MP: 9/9
  7347 | D:8      | Found a hide-covered altar of Uskayaw.
  7834 | D:9      | Reached skill level 1 in Axes
  7997 | D:8      | Reached **** piety under Okawaru
  8343 | D:9      | Found a basalt altar of Yredelemnul.
  8471 | D:10     | Entered Level 10 of the Dungeon
  8556 | D:10     | Reached skill level 10 in Short Blades
  8603 | D:10     | Found a staircase to the Lair.
  8604 | D:10     | Noticed an elephant
  8623 | D:10     | Reached skill level 10 in Shields
  8649 | D:10     | Killed an elephant
  8649 | D:10     | Reached ***** piety under Okawaru
  8848 | D:10     | Paralysed by a hornet for 3 turns
  8853 | D:10     | Received a gift from Okawaru
  8895 | D:10     | Reached XP level 11. HP: 59/92 MP: 10/10
  8961 | D:10     | Found a staircase to the Orcish Mines.
  9319 | D:11     | Noticed Erica
  9335 | D:11     | Killed Erica
  9399 | D:11     | Noticed a two-headed ogre
  9412 | D:11     | Killed a two-headed ogre
 10162 | D:11     | Received a gift from Okawaru
 10278 | Lair:1   | Entered Level 1 of the Lair of Beasts
 10285 | Lair:1   | Noticed an oklob plant
 10288 | Lair:1   | Found an iron altar of Okawaru.
 10291 | Lair:1   | Noticed Joseph
 10300 | Lair:1   | Killed an oklob plant
 11480 | Lair:2   | Noticed Nergalle
 11499 | Lair:2   | Killed Nergalle
 11499 | Lair:2   | Reached skill level 10 in Armour
 11589 | Lair:2   | Killed Joseph
 11671 | Lair:2   | Noticed an eight-headed hydra
 11675 | Lair:2   | Received a gift from Okawaru
 11686 | Lair:2   | Killed a five-headed hydra
 11686 | Lair:2   | Reached XP level 12. HP: 48/103 MP: 11/11
 12036 | Lair:2   | Reached skill level 10 in Long Blades
 12520 | Lair:3   | Received a gift from Okawaru
 12641 | Lair:3   | Found a staircase to the Swamp.
 13361 | Lair:4   | Reached skill level 10 in Fighting
 13782 | Lair:4   | Found a staircase to the Snake Pit.
 13790 | Lair:4   | Noticed a six-headed hydra
 13798 | Lair:4   | Killed a two-headed hydra
 14238 | Lair:5   | Reached XP level 13. HP: 112/114 MP: 12/12
 14259 | Lair:5   | Noticed Urug
 14260 | Lair:5   | Noticed Josephine
 14277 | Lair:5   | Killed Urug
 14810 | Lair:5   | Reached ****** piety under Okawaru
 14810 | Lair:5   | Received a gift from Okawaru
 14821 | Lair:5   | Got a bronze crystal plate armour {god gift}
 14827 | Lair:5   | Identified the +1 crystal plate armour "Qileugg" {+Inv MP+9} (Okawaru gifted it to you on level 5 of the Lair of Beasts)
 15003 | Lair:5   | Found the +8 whip "Snakebite" {curare, rPois}
 15400 | Lair:6   | Entered Level 6 of the Lair of Beasts
 15424 | Lair:6   | Noticed Sonja
 15525 | Lair:6   | Killed Sonja
 15629 | Lair:6   | Found a burning altar of Makhleb.
 16109 | Lair:6   | Got a translucent turquoise ring
 16128 | Lair:6   | Found a gateway to Hell.
 16159 | Lair:6   | Identified the ring "Mocrerphip" {rF+ rC- MR+ Str+4} (You took it off a red devil on level 6 of the Lair of Beasts)
 16479 | Lair:6   | Received a gift from Okawaru
 16482 | Lair:6   | Got a pair of jewelled boots {god gift}
 16493 | Lair:6   | Identified the +2 pair of boots of Happiness {*Drain Regen+ Str+3} (Okawaru gifted it to you on level 6 of the Lair of Beasts)
 16696 | Lair:6   | Reached XP level 14. HP: 125/125 MP: 13/13
 16788 | Lair:6   | Noticed Rupert
 16797 | Lair:6   | Killed Rupert
 16797 | Lair:6   | Reached skill level 1 in Invocations
 16862 | Lair:6   | Found a blossoming altar of Fedhas.
 16920 | Lair:6   | Found a runed door.
 16922 | Lair:6   | Found a viscous altar of Jiyva.
 16924 | Lair:6   | Found a staircase to the Slime Pits.
 17819 | Orc:1    | Entered Level 1 of the Orcish Mines
 17827 | Orc:1    | Found a frozen archway.
 17984 | IceCv    | Entered an ice cave
 18110 | IceCv    | Reached skill level 15 in Shields
 18587 | IceCv    | Noticed a frost giant
 18617 | IceCv    | Killed a frost giant
 18617 | IceCv    | Received a gift from Okawaru
 18827 | Orc:1    | Found Seab's Superlative Supplies.
 18883 | Orc:1    | Noticed Erolcha
 18889 | Orc:1    | Killed Erolcha
 18995 | Orc:1    | Noticed Footeic's ghost (journeyman DsGl)
 19019 | Orc:1    | Found a transporter.
 19028 | Orc:1    | Found a transporter.
 19114 | Orc:1    | Killed Footeic's ghost
 19133 | Orc:1    | Identified Jure's Handbook of Ice and Boosts
 19171 | Orc:1    | Found a roughly hewn altar of Beogh.
 19423 | Orc:2    | Entered Level 2 of the Orcish Mines
 19734 | Orc:2    | Found a staircase to the Elven Halls.
 19775 | Orc:2    | Found a roughly hewn altar of Beogh.
 19788 | Orc:2    | Found Zirisyg's Antique Weapon Emporium.
 19900 | Orc:2    | Found a roughly hewn altar of Beogh.
 20066 | Orc:2    | Found a roughly hewn altar of Beogh.
 20172 | Orc:2    | Reached skill level 15 in Long Blades
 20231 | Orc:2    | Noticed an orc warlord
 20266 | Orc:2    | Killed an orc warlord
 20266 | Orc:2    | Reached XP level 15. HP: 75/136 MP: 14/14
 20383 | Orc:2    | Found a roughly hewn altar of Beogh.
 20384 | Orc:2    | Found Xepp's Magic Scroll Shop.
 20508 | Orc:2    | Found Umua's Antique Weapon Shoppe.
 20509 | Orc:2    | Found a roughly hewn altar of Beogh.
 20512 | Orc:2    | Found Keyx's Antique Armour Emporium.
 20532 | Orc:2    | Bought a transparent plate armour for 812 gold pieces
 20554 | Orc:2    | Identified the +8 plate armour of Pusios {-Cast +Fly rC++ Dex+2 Slay+3} (You bought it in a shop on level 2 of the Orcish Mines)
 20556 | Orc:2    | Bought a pair of fine gloves for 275 gold pieces
 20563 | Orc:2    | Identified the cursed +0 pair of gloves of Freedom {Int+4 Slay+6} (You bought it in a shop on level 2 of the Orcish Mines)
 20565 | Orc:2    | Bought a pair of runed boots for 217 gold pieces
 20567 | Orc:2    | Identified a +2 pair of boots of running (You bought it in a shop on level 2 of the Orcish Mines)
 20712 | Orc:2    | Found a roughly hewn altar of Beogh.
 21135 | D:13     | Found a transporter.
 21136 | D:13     | Noticed Ynegyoj's ghost (journeyman MiBe)
 21140 | D:13     | Noticed Frances
 21141 | D:13     | Found a transporter.
 21148 | D:13     | Killed Frances
 21203 | D:13     | Noticed Snorg
 21216 | D:13     | Killed Snorg
 21232 | D:13     | Received a gift from Okawaru
 21663 | D:13     | Found Paluhyu's Antique Armour Shoppe.
 21666 | D:13     | Bought an encrusted plate armour for 980 gold pieces
 21679 | D:13     | Identified the cursed +1 plate armour "Damnable Contraption" {*Drain Str+6 Slay+2} (You bought it in a shop on level 13 of the Dungeon)
 22114 | D:13     | Noticed a sphinx
 22134 | D:13     | Killed a sphinx
 22141 | D:13     | Got a brightly glowing short sword {pierce}
 22428 | D:14     | Found a gate to the Vaults.
 22435 | D:14     | Killed a ghost moth
 23452 | D:15     | Entered Level 15 of the Dungeon
 23508 | D:15     | Received a gift from Okawaru
 23731 | D:15     | Noticed a fire giant
 23731 | D:15     | Found a staircase to the Depths.
 23764 | D:15     | Killed a fire giant
 23764 | D:15     | Reached skill level 5 in Dodging
 23764 | D:15     | Reached skill level 1 in Evocations
 24543 | D:13     | Killed Ynegyoj's ghost
 24707 | Lair:1   | Identified the cursed +3 short sword of Slow Death {pierce, rPois Int+7} (You took it off a kobold on level 13 of the Dungeon)
 24836 | Swamp:1  | Entered Level 1 of the Swamp
 25265 | Swamp:1  | Reached XP level 16. HP: 140/146 MP: 15/15
 25559 | Swamp:2  | Noticed a thorn hunter
 25571 | Swamp:2  | Killed a thorn hunter
 26628 | Swamp:4  | Entered Level 4 of the Swamp
 26740 | Swamp:4  | Received a gift from Okawaru
 27241 | Swamp:4  | Reached skill level 15 in Armour
 27250 | Swamp:4  | Noticed the 27-headed Lernaean hydra
 27259 | Swamp:4  | Killed the 23-headed Lernaean hydra
 27259 | Swamp:4  | Received a gift from Okawaru
 27271 | Swamp:4  | Reached skill level 15 in Fighting
 27305 | Swamp:4  | Got a decaying rune of Zot
 27707 | Snake:1  | Entered Level 1 of the Snake Pit
 27737 | Snake:1  | Found a radiant altar of Vehumet.
 27867 | Snake:1  | Identified 2 scrolls of acquirement
 28459 | Snake:1  | Received a gift from Okawaru
 29108 | Snake:2  | Reached XP level 17. HP: 139/156 MP: 16/16
 29197 | Snake:2  | Found Ziuva's Assorted Antiques.
 29269 | Snake:2  | Noticed Asterion
 29279 | Snake:2  | Killed Asterion
 29308 | Snake:2  | Found Redob's Food Shoppe.
 29353 | Snake:2  | Found Loubboji's Distillery.
 29386 | Snake:2  | Bought a potion of invisibility for 96 gold pieces
 29386 | Snake:2  | Bought a potion of curing for 36 gold pieces
 29493 | Snake:2  | Found Riegokk's Distillery.
 29499 | Snake:2  | Bought a potion of heal wounds for 85 gold pieces
 29499 | Snake:2  | Bought 2 potions of heal wounds for 170 gold pieces
 29888 | Snake:3  | Received a gift from Okawaru
 29924 | Snake:3  | Found Gooquk's Antique Weapon Boutique.
 30392 | Snake:3  | Noticed Agnes
 30398 | Snake:3  | Killed Agnes
 30523 | Snake:3  | Found a shadowy altar of Dithmenos.
 30636 | Snake:4  | Entered Level 4 of the Snake Pit
 30984 | Lair:3   | You fall through a shaft for 2 floors!
 31002 | Lair:5   | Killed Josephine
 31436 | Snake:4  | Found Ytutterph's Book Emporium.
 31436 | Snake:4  | Found Ludoud's Antique Weapon Shoppe.
 31601 | Snake:4  | Found Vuadui's Book Boutique.
 31602 | Snake:4  | Received a gift from Okawaru
 31656 | Snake:4  | Got a crystal dagger {god gift}
 31895 | Snake:4  | Reached XP level 18. HP: 114/167 MP: 17/17
 32062 | Snake:4  | Received a gift from Okawaru
 32550 | Snake:4  | Received a gift from Okawaru
 32579 | Snake:4  | Got a serpentine rune of Zot
 32871 | Lair:1   | Identified the +2 dagger "Poudiz" {pierce, rN+ MR+ Str+4 Int-5} (Okawaru gifted it to you on level 4 of the Snake Pit)
 32969 | Elf:1    | Entered Level 1 of the Elven Halls
 32988 | Elf:1    | Noticed Nikola
 33007 | Elf:1    | Killed Nikola
 33292 | Elf:1    | Found Deikhley's Jewellery Emporium.
 33431 | Elf:1    | Received a gift from Okawaru
 34438 | Elf:2    | Found a runed gate.
 34441 | Elf:2    | Found Sophuchi's Book Boutique.
 34447 | Elf:2    | Found a large runed door.
 34447 | Elf:2    | Found a large runed door.
 34590 | Elf:2    | Received a gift from Okawaru
 34984 | Elf:2    | Found a runed gate.
 34984 | Elf:2    | Found a runed gate.
 35023 | Elf:2    | Noticed Wextenot's ghost (veteran FoFi)
 35041 | Elf:2    | Killed Wextenot's ghost
 35160 | Elf:2    | Reached XP level 19. HP: 127/177 MP: 18/18
 35718 | Elf:3    | Entered Level 3 of the Elven Halls
 35987 | Elf:3    | Received a gift from Okawaru
 36244 | Elf:3    | Noticed a Brimstone Fiend
 36463 | Elf:3    | Found the +2 hat of the Bear Spirit {Spirit, +Rage rN+ MR++}
 36635 | Elf:3    | Received a gift from Okawaru
 37037 | Elf:3    | Got a steaming tin ring
 37041 | Elf:3    | Identified the ring "Myrudwur" {rC+ Str+2 Stlth+} (You took it off a deep elf blademaster on level 3 of the Elven Halls)
 37104 | Elf:3    | Got a faintly glowing turquoise ring
 37106 | Elf:3    | Identified the ring of Mistrust {rElec rC+ Stlth+} (You found it on level 3 of the Elven Halls)
 37260 | Elf:3    | Got an ancient silver ring
 37270 | Elf:3    | Identified the ring "Baorph" {Ice Str+3 Int+4 Stlth+} (You took it off a deep elf blademaster on level 3 of the Elven Halls)
 37994 | Vaults:1 | Entered Level 1 of the Vaults
 38421 | Vaults:1 | Found Zuuk's Distillery.
 38423 | Vaults:1 | Reached XP level 20. HP: 187/187 MP: 20/20
 38502 | Vaults:1 | Received a gift from Okawaru
 39383 | Vaults:1 | Received a gift from Okawaru
 39655 | Elf:1    | Bought the ring "Dayl" {rF+ rN+ MR+ Str+3} for 642 gold pieces
 39918 | Vaults:2 | Cast into level 3 of the Abyss (vault warden)
 39943 | Abyss:3  | Got a shimmering chain mail
 40039 | Abyss:3  | Gained mutation: You are weak. (Str -2) [a neqoxec]
 40057 | Abyss:3  | Noticed a bone dragon
 40076 | Abyss:3  | Killed a bone dragon
 40085 | Abyss:3  | Noticed a bone dragon
 40299 | Vaults:2 | Escaped the Abyss
 40465 | Vaults:2 | Identified the cursed +1 chain mail of Untruth {Str+3} (You found it on level 3 of the Abyss)
 40681 | Vaults:2 | Received a gift from Okawaru
 40770 | Vaults:2 | Found a staircase to the Crypt.
 40770 | Vaults:2 | Found a basalt altar of Yredelemnul.
 40771 | Vaults:2 | Found an ancient bone altar of Kikubaaqudgha.
 41889 | Vaults:3 | Received a gift from Okawaru
 42110 | Vaults:3 | Reached XP level 21. HP: 198/198 MP: 21/21
 42179 | Vaults:3 | Found Qimyissi's Antique Weapon Shop.
 42270 | Vaults:3 | Found a radiant altar of Vehumet.
 42285 | Vaults:3 | Got a steaming hat
 42306 | Vaults:3 | Identified the +1 hat "Yppairio" {rPois rC- rCorr Slay+2} (You found it on level 3 of the Vaults)
 42517 | Vaults:3 | Received a gift from Okawaru
 43863 | Vaults:4 | Found Coiciyg's Gadget Emporium.
 43996 | Vaults:4 | Found a portal to a secret trove of treasure.
 45451 | Vaults:5 | Entered Level 5 of the Vaults
 45584 | Vaults:5 | Received a gift from Okawaru
 45586 | Vaults:5 | Noticed a golden dragon
 45838 | Vaults:4 | Killed a golden dragon
 45838 | Vaults:4 | Reached XP level 22. HP: 108/209 MP: 14/22
 46765 | Vaults:5 | Received a gift from Okawaru
 47488 | Vaults:4 | Received a gift from Okawaru
 47635 | Vaults:5 | Reached skill level 27 in Shields
 47938 | Vaults:4 | Received a gift from Okawaru
 48227 | Vaults:5 | Received a gift from Okawaru
 48273 | Vaults:5 | Got a shimmering long sword
 48281 | Vaults:5 | Identified the +4 long sword of Sharkskin {slice, *Noise Str+9 Int+3 Dex-4} (You found it on level 5 of the Vaults)
 48348 | Vaults:5 | Noticed Frederick
 48361 | Vaults:5 | Killed Frederick
 48643 | Vaults:5 | Found Eloles's Distillery.
 48650 | Vaults:5 | Bought a potion of heal wounds for 70 gold pieces
 48650 | Vaults:5 | Bought a potion of heal wounds for 70 gold pieces
 48653 | Vaults:5 | Got a silver rune of Zot
 48740 | Vaults:5 | Got a jewelled cloak
 48751 | Vaults:5 | Identified the +2 cloak of Kleptomania {+Fly MR+ rCorr Int-2} (You found it on level 5 of the Vaults)
 48787 | Vaults:5 | Identified Hoemoh's Guide on Blistering Talismans
 49395 | Vaults:5 | Found the +2 cloak of the Thief {+Fog Slay-2 SInv Stlth+}
 50461 | Snake:2  | Bought a potion of haste for 170 gold pieces
 50461 | Snake:2  | Bought a potion of haste for 170 gold pieces
 50522 | Snake:2  | Bought a potion of haste for 120 gold pieces
 50767 | Snake:4  | Reached XP level 23. HP: 220/220 MP: 23/23
 51234 | Vaults:4 | You paid a toll of 7 potions of haste to enter a treasure trove
 51235 | Trove    | Entered a treasure trove
 51254 | Trove    | Identified Sif Muna's Collected Works on Unstable Envenoming
 51293 | Trove    | Identified Sif Muna's Handbook of Arcane Weapons
 51833 | Vaults:5 | Got a brightly glowing copper ring
 51834 | Vaults:5 | Identified the ring "Gokhlaw" {rElec rN+ MR+ Int-2 Dex+3} (You acquired it on level 5 of the Vaults)
 52071 | Crypt:1  | Entered Level 1 of the Crypt
 52496 | Crypt:1  | Noticed Sojobo
 52519 | Crypt:1  | Killed Sojobo
 53319 | Crypt:2  | Received a gift from Okawaru
 54035 | Crypt:3  | Entered Level 3 of the Crypt
 54138 | Crypt:3  | Found a runed door.
 54138 | Crypt:3  | Noticed Jafuaxoa's ghost (veteran MiBe)
 54200 | Crypt:3  | Killed Jafuaxoa's ghost
 54225 | Crypt:3  | Got a pitted marble ring
 54228 | Crypt:3  | Identified the ring of Onnoats {rElec rF+} (You found it on level 3 of the Crypt)
 54404 | Crypt:3  | Found the +10 dark maul {crush}
 54543 | Crypt:3  | Noticed Jory
 54580 | Crypt:3  | Killed Jory
 54580 | Crypt:3  | Received a gift from Okawaru
 54593 | Crypt:3  | Got a scorched marble ring
 54597 | Crypt:3  | Got a heavily runed plate armour {god gift}
 54602 | Crypt:3  | Identified the ring of the Will of the Gods {MR+ Dex+2 SInv} (You took it off Jory on level 3 of the Crypt)
 54603 | Crypt:3  | Identified the +1 plate armour "Dueryur" {rElec Str+7} (Okawaru gifted it to you on level 3 of the Crypt)
 54946 | Crypt:3  | Got a brightly glowing platinum ring
 54947 | Crypt:3  | Identified the ring "Mupnenush" {rN+ MR+ MP+9 Int+2 Slay+3} (You took it off a vampire on level 3 of the Crypt)
 54954 | Crypt:3  | Got a slimy bone ring
 54955 | Crypt:3  | Identified the ring "Gialecs" {rF+ rC+ rN+ Str+6 Dex-2} (You took it off a vampire on level 3 of the Crypt)
 55689 | Crypt:3  | Found a staircase to the Tomb.
 56014 | Crypt:3  | Noticed Mennas
 56031 | Crypt:3  | Killed Mennas
 56280 | Depths:1 | Entered Level 1 of the Depths
 56289 | Depths:1 | Reached XP level 24. HP: 232/232 MP: 23/23
 56466 | Depths:1 | Found Peyjilaj's Weapon Shoppe.
 56812 | Depths:1 | Received a gift from Okawaru
 56825 | Depths:1 | Got a translucent crystal plate armour {god gift}
 56826 | Depths:1 | Identified the +1 crystal plate armour "Qeiwk" {rElec Str+2 Int+8} (Okawaru gifted it to you on level 1 of the Depths)
 57684 | Depths:2 | Cast into level 2 of the Abyss (rakshasa)
 57684 | Abyss:2  | Found a corrupted altar of Lugonu.
 57836 | Abyss:2  | Found a corrupted altar of Lugonu.
 58110 | Abyss:4  | Gained mutation: You have a somewhat thin skeletal structure. (Dex +2, Stealth) [a neqoxec]
 58140 | Abyss:5  | Entered Level 5 of the Abyss
 58196 | Depths:2 | Escaped the Abyss
 58210 | Depths:2 | Noticed a juggernaut
 58216 | Depths:2 | Killed a juggernaut
 58666 | Depths:3 | Noticed Xtahua
 58675 | Depths:3 | Killed Xtahua
 58750 | Depths:3 | Found a transporter.
 58769 | Depths:3 | Found a corrupted altar of Lugonu.
 58771 | Depths:3 | Found the +7 lajatang of Order {silver, rMut}
 58865 | Depths:3 | Found a transporter.
 58873 | Depths:3 | Got a clouded silver ring
 59030 | Depths:3 | Identified the ring "Buocaud" {rPois MR++ MP+9 Int-4 Stlth+} (You found it on level 3 of the Depths)
 59162 | Depths:3 | Received a gift from Okawaru
 59162 | Depths:3 | Reached XP level 25. HP: 238/243 MP: 23/23
 59494 | Depths:3 | Found a one-way gate leading to the halls of Pandemonium.
 60240 | Slime:1  | Entered Level 1 of the Pits of Slime
 60243 | Slime:1  | Gained mutation: Your magical capacity is low. (-10% MP) [a shining eye]
 60245 | Slime:1  | Gained mutation: Armour fits poorly on your strangely shaped body. [a shining eye]
 60256 | Slime:1  | Gained mutation: You tend to lose your temper in combat. [a shining eye]
 60264 | Slime:1  | Gained mutation: You are clumsy. (Dex -2) [a shining eye]
 60266 | Slime:1  | Gained mutation: You are frail. (-10% HP) [a shining eye]
 60425 | Slime:2  | Gained mutation: You are very frail. (-20% HP) [a shining eye]
 60433 | Slime:2  | Gained mutation: Scrolls take you a little longer to read. [a shining eye]
 60435 | Slime:2  | Gained mutation: You often lose your temper in combat. [a shining eye]
 60437 | Slime:2  | Gained mutation: You are extremely frail. (-30% HP) [a shining eye]
 60440 | Slime:2  | Gained mutation: Potions are less effective at restoring your health. [a shining eye]
 60646 | Slime:5  | Entered Level 5 of the Pits of Slime
 60795 | Slime:4  | Received a gift from Okawaru
 60798 | Slime:4  | Lost mutation: Armour fits poorly on your strangely shaped body. [a shining eye]
 60805 | Slime:4  | Gained mutation: Your spells are a little easier to cast, but a little less powerful. [a shining eye]
 60805 | Slime:4  | Lost mutation: Potions are less effective at restoring your health. [a shining eye]
 60806 | Slime:4  | Gained mutation: You are very weak. (Str -4) [a shining eye]
 60808 | Slime:4  | Gained mutation: Armour fits poorly on your strangely shaped body. [a shining eye]
 61495 | Slime:5  | Found a viscous altar of Jiyva.
 61497 | Slime:5  | Noticed the Royal Jelly
 61523 | Slime:5  | Killed the Royal Jelly
 61829 | Slime:5  | Identified Mous's Catalogue of the Rocks
 61860 | Slime:5  | Got a slimy rune of Zot
 61862 | Slime:5  | Got a shimmering turquoise ring
 61865 | Slime:5  | Identified the ring "Afowk" {Str+2 SInv} (You found it on level 5 of the Pits of Slime)
 61900 | Slime:5  | Got a twitching silver amulet
 61903 | Slime:5  | Identified the amulet of Dais {rPois Regen+ Dex+6} (You found it on level 5 of the Pits of Slime)
 61917 | Slime:5  | Got a slimy scimitar
 61923 | Slime:5  | Identified the +4 scimitar "Goz Yfi" {freeze, rElec rF+ MR- Dex+3} (You found it on level 5 of the Pits of Slime)
 62273 | Lair:1   | Lost mutation: Scrolls take you a little longer to read. [potion of mutation]
 62273 | Lair:1   | Lost mutation: Armour fits poorly on your strangely shaped body. [potion of mutation]
 62273 | Lair:1   | Lost mutation: Your magical capacity is low. (-10% MP) [potion of mutation]
 62273 | Lair:1   | Gained mutation: Your spells are easier to cast, but less powerful. [potion of mutation]
 62273 | Lair:1   | Gained mutation: Your system is resistant to poisons. (rPois) [potion of mutation]
 62274 | Lair:1   | Lost mutation: You have a somewhat thin skeletal structure. (Dex +2, Stealth) [potion of mutation]
 62274 | Lair:1   | Lost mutation: You are clumsy. (Dex -2) [potion of mutation]
 62274 | Lair:1   | Gained mutation: You are partially covered in thin metallic scales. (AC +2) [potion of mutation]
 62277 | Lair:1   | Lost mutation: Your system is resistant to poisons. (rPois) [potion of mutation]
 62277 | Lair:1   | Lost mutation: Your spells are easier to cast, but less powerful. [potion of mutation]
 62277 | Lair:1   | Gained mutation: You are occasionally teleported next to monsters. [potion of mutation]
 62277 | Lair:1   | Lost mutation: You often lose your temper in combat. [potion of mutation]
 62278 | Lair:1   | Lost mutation: You tend to lose your temper in combat. [potion of mutation]
 62278 | Lair:1   | Lost mutation: Your spells are a little easier to cast, but a little less powerful. [potion of mutation]
 62278 | Lair:1   | Lost mutation: You are extremely frail. (-30% HP) [potion of mutation]
 62278 | Lair:1   | Gained mutation: You occasionally shout uncontrollably at your foes. [potion of mutation]
 62278 | Lair:1   | Gained mutation: You passively map a small area around you. [potion of mutation]
 62279 | Lair:1   | Lost mutation: You are occasionally teleported next to monsters. [potion of mutation]
 62279 | Lair:1   | Lost mutation: You occasionally shout uncontrollably at your foes. [potion of mutation]
 62279 | Lair:1   | Gained mutation: You have large cloven feet. [potion of mutation]
 62279 | Lair:1   | Gained mutation: You evolve. [potion of mutation]
 62280 | Lair:1   | Lost mutation: You are partially covered in thin metallic scales. (AC +2) [potion of mutation]
 62280 | Lair:1   | Lost mutation: You passively map a small area around you. [potion of mutation]
 62280 | Lair:1   | Lost mutation: You are very frail. (-20% HP) [potion of mutation]
 62280 | Lair:1   | Gained mutation: You can translocate small distances at will. [potion of mutation]
 62320 | Lair:1   | Lost mutation: You are very weak. (Str -4) [potion of mutation]
 62320 | Lair:1   | Lost mutation: You evolve. [potion of mutation]
 62320 | Lair:1   | Lost mutation: You are weak. (Str -2) [potion of mutation]
 62320 | Lair:1   | Gained mutation: You expend magic power (3 MP) to strengthen your wands. [potion of mutation]
 62320 | Lair:1   | Gained mutation: Your muscles are strong. (Str +2) [potion of mutation]
 62321 | Lair:1   | Lost mutation: You are frail. (-10% HP) [potion of mutation]
 62321 | Lair:1   | Lost mutation: You have large cloven feet. [potion of mutation]
 62321 | Lair:1   | Gained mutation: Your movements are slightly less encumbered by armour. (ER -2) [potion of mutation]
 62321 | Lair:1   | Gained mutation: You have a pair of large horns on your head. [potion of mutation]
 62321 | Lair:1   | Gained mutation: Your flesh is cold resistant. (rC+) [potion of mutation]
 62321 | Lair:1   | Gained mutation: You have supernaturally acute eyesight. (SInv) [potion of mutation]
 62323 | Lair:1   | Lost mutation: You have supernaturally acute eyesight. (SInv) [potion of mutation]
 62323 | Lair:1   | Lost mutation: You have a pair of large horns on your head. [potion of mutation]
 62323 | Lair:1   | Lost mutation: You expend magic power (3 MP) to strengthen your wands. [potion of mutation]
 62323 | Lair:1   | Gained mutation: You are clumsy. (Dex -2) [potion of mutation]
 62323 | Lair:1   | Gained mutation: Your spells are a little harder to cast, but a little more powerful. [potion of mutation]
 62511 | Depths:4 | Found a one-way gate to the infinite horrors of the Abyss.
 62759 | Depths:4 | Found a gateway to a ziggurat.
 62764 | Depths:4 | Reached XP level 26. HP: 246/260 MP: 22/24
 63137 | Depths:4 | Found Nuul's Antique Armour Emporium.
 63218 | Depths:4 | Received a gift from Okawaru
 63232 | Depths:4 | Got a crystal quick blade {god gift}
 63258 | Depths:4 | Noticed a juggernaut
 63273 | Depths:4 | Killed a juggernaut
 63389 | Depths:4 | Identified Hateg's Incunabulum of the Snowflakes and Darkness
 63443 | Depths:4 | Received a gift from Okawaru
 63472 | Depths:4 | Got a pair of shimmering boots {god gift}
 63481 | Depths:4 | Identified the +0 pair of boots of Fashionability {rF+ Str+5} (Okawaru gifted it to you on level 4 of the Depths)
 63502 | Depths:4 | Noticed a juggernaut
 63509 | Depths:4 | Killed a juggernaut
 63687 | Depths:4 | Noticed a juggernaut
 63698 | Depths:4 | Killed a juggernaut
 63794 | Depths:4 | Got an uncursed transparent arbalest {flame}
 64075 | Lair:1   | Identified the +6 quick blade of Kismet {pierce, rF+} (Okawaru gifted it to you on level 4 of the Depths)
 64407 | Depths:5 | Entered Level 5 of the Depths
 64777 | Depths:5 | Reached skill level 27 in Fighting
 65171 | Depths:5 | Found a gate to the Realm of Zot.
 65183 | Depths:5 | Received a gift from Okawaru
 65574 | Hell     | Entered the Vestibule of Hell
 65574 | Hell     | Noticed Geryon
 65583 | Hell     | Killed Geryon
 65583 | Hell     | Reached skill level 27 in Long Blades
 65654 | Hell     | Reached XP level 27. HP: 180/273 MP: 18/24
 65786 | Hell     | Received a gift from Okawaru
 65786 | Hell     | Reached skill level 10 in Dodging
 65791 | Hell     | Cast into level 2 of the Abyss (hell knight)
 66021 | Abyss:3  | Found a corrupted altar of Lugonu.
 66032 | Abyss:3  | Gained mutation: Potions are less effective at restoring your health. [a cacodemon]
 66041 | Abyss:3  | Gained mutation: You are very clumsy. (Dex -4) [a cacodemon]
 66133 | Abyss:3  | Found a corrupted altar of Lugonu.
 66214 | Abyss:3  | Got an abyssal rune of Zot
 66232 | Hell     | Escaped the Abyss
 66272 | Hell     | Found a gateway to the freezing wastes of Cocytus.
 66373 | Hell     | Reached skill level 5 in Stealth
 66421 | Hell     | Found a gateway to the decaying netherworld of Tartarus.
 66519 | Hell     | Found a gateway to the ashen valley of Gehenna.
 66645 | Hell     | Found a gateway to the Iron City of Dis.
 66919 | D:10     | Lost mutation: You can translocate small distances at will. [potion of mutation]
 66919 | D:10     | Lost mutation: Your spells are a little harder to cast, but a little more powerful. [potion of mutation]
 66919 | D:10     | Gained mutation: You are somewhat resistant to further mutation. [potion of mutation]
 67271 | Zot:1    | Entered Level 1 of the Realm of Zot
 67796 | Zot:1    | Received a gift from Okawaru
 67875 | Zot:1    | Got a slimy falchion {god gift}
 67919 | Zot:1    | Noticed Tiamat
 67923 | Zot:1    | Found the +8 frozen axe "Frostbite" {freezing cloud, *Noise +Fly rC+}
 67937 | Zot:1    | Killed Tiamat
 67980 | Zot:1    | Identified the +7 falchion "Heeng" {speed, rPois Dex+5 Stlth-} (Okawaru gifted it to you on level 1 of the Realm of Zot)
 68508 | Zot:2    | Received a gift from Okawaru
 69657 | Zot:3    | Noticed an ancient lich
 69680 | Zot:3    | Received a gift from Okawaru
 69727 | Zot:3    | Noticed an orb of fire
 69783 | Zot:3    | Killed an ancient lich
 69789 | Zot:3    | Reached skill level 27 in Armour
 69798 | Zot:3    | Killed an orb of fire
 70044 | Zot:3    | Found a stormy altar of Qazlal.
 70458 | Zot:3    | Reached skill level 15 in Dodging
 71223 | Zot:4    | Received a gift from Okawaru
 71876 | Zot:5    | Entered Level 5 of the Realm of Zot
 72185 | Zot:5    | Noticed an ancient lich
 72200 | Zot:5    | Noticed an ancient lich
 72203 | Zot:5    | Killed an ancient lich
 72207 | Zot:5    | Killed an ancient lich
 72263 | Zot:5    | Noticed an ancient lich
 72270 | Zot:5    | Killed an ancient lich
 72525 | Zot:5    | Noticed an orb of fire
 72530 | Zot:5    | Noticed an orb of fire
 72535 | Zot:5    | Gained mutation: Your spells are a little easier to cast, but a little less powerful. [an orb of fire]
 72538 | Zot:5    | Killed an orb of fire
 72538 | Zot:5    | Received a gift from Okawaru
 72541 | Zot:5    | Noticed an orb of fire
 72550 | Zot:5    | Killed an orb of fire
 72559 | Zot:5    | Killed an orb of fire
 72562 | Zot:5    | Got a fine chain mail {god gift}
 72595 | Zot:5    | Identified the +0 chain mail of the Crypt {rElec rPois} (Okawaru gifted it to you on level 5 of the Realm of Zot)
 72834 | Zot:5    | Noticed an orb of fire
 72846 | Zot:5    | Killed an orb of fire
 73007 | Zot:5    | Noticed an orb of fire
 73015 | Zot:5    | Noticed an orb of fire
 73023 | Zot:5    | Received a gift from Okawaru
 73030 | Zot:5    | Gained mutation: Your body sometimes deteriorates upon taking damage. [an orb of fire]
 73033 | Zot:5    | Killed an orb of fire
 73041 | Zot:5    | Killed an orb of fire
 73329 | Zot:5    | Noticed an orb of fire
 73336 | Zot:5    | Gained mutation: Potions are poor at restoring your health. [an orb of fire]
 73344 | Zot:5    | Killed an orb of fire
 74457 | Tomb:1   | Entered Level 1 of the Tomb of the Ancients
 74492 | Tomb:1   | Lost intelligence.
 74604 | Tomb:1   | Got a glittering marble ring
 74605 | Tomb:1   | Identified the ring "Mugh" {*Contam rF- Int+8 Dex+6 Slay+2 Stlth+} (You took it off a guardian mummy on level 1 of the Tomb of the Ancients)
 74655 | Tomb:1   | Received a gift from Okawaru
 74693 | Tomb:1   | Got an ancient crystal plate armour {god gift}
 75150 | Tomb:1   | Identified the +14 crystal plate armour of Caorchoa {Str+5} (Okawaru gifted it to you on level 1 of the Tomb of the Ancients)
 76556 | Tomb:1   | Noticed a greater mummy
 76561 | Tomb:1   | Reached skill level 10 in Stealth
 76570 | Tomb:1   | Killed a greater mummy
 77908 | Coc:1    | Entered Level 1 of Cocytus
 78572 | Coc:6    | Received a gift from Okawaru
 78840 | Coc:7    | Entered Level 7 of Cocytus
 78863 | Coc:7    | Received a gift from Okawaru
 79091 | Coc:7    | Reached skill level 27 in Dodging
 79432 | Coc:7    | Identified the Collected Works on Torrid Stones
 79533 | Coc:7    | Received a gift from Okawaru
 79560 | Coc:7    | Got a bloodstained falchion {god gift}
 79566 | Coc:7    | Identified the +8 falchion of Ximyath {pain, rF+} (Okawaru gifted it to you on level 7 of Cocytus)
 79781 | Coc:7    | Noticed Antaeus
 79802 | Coc:7    | HP: 18/393 [Antaeus/staff of conjuration (16)]
 79802 | Coc:7    | HP: 6/393 [Antaeus/staff of conjuration (12)]
 79805 | Coc:7    | Killed from afar by an Ice Fiend

Skill      XL: |  1  2  3  4  5  6  7  8  9 10 11 12 13 14 15 16 17 18 19 20 21 22 23 24 25 26 27 |
---------------+----------------------------------------------------------------------------------+-----
Shields        | 4 5 6 8 9 10 12 14 15 17 19 20 22 23 25 26 27 | 27.0
Armour         | 4 5 6 7 9 10 11 12 13 14 15 16 17 18 19 20 21 22 27 | 27.0
Fighting       | 4 5 6 7 8 10 11 13 14 15 16 17 18 19 20 21 22 24 25 27 | 27.0
Long Blades    | 3 5 8 11 14 15 16 17 18 19 20 21 22 24 25 27 | 27.0
Dodging        | 1 2 3 4 5 6 7 8 9 27 | 27.0
Short Blades   | 3 5 8 10 11 | 11.2
Stealth        | 1 2 3 4 12 | 12.8
Axes           | 2 |  2.4
Invocations    | 1 2 3 |  3.9
Evocations     | 1 2 |  2.2

Action                   |  1- 3 |  4- 6 |  7- 9 | 10-12 | 13-15 | 16-18 | 19-21 | 22-24 | 25-27 || total
-------------------------+-------+-------+-------+-------+-------+-------+-------+-------+-------++-------
Melee: Long sword        |    89 |    79 |       |       |   306 |   284 |   943 |       |       ||  1701
       Headbutt          |    16 |    16 |    34 |   131 |   337 |   391 |   520 |   655 |  1313 ||  3413
       Rapier            |       |     3 |   309 |   172 |       |       |       |       |       ||   484
       Hand axe          |       |       |     5 |     6 |       |       |       |       |       ||    11
       Scimitar          |       |       |       |   460 |   880 |   805 |       |       |       ||  2145
       Double sword      |       |       |       |       |       |       |   411 |  1554 |  3044 ||  5009
       Falchion          |       |       |       |       |       |       |       |       |    63 ||    63
Invok: Heroism           |       |       |       |     1 |     7 |     1 |     4 |     3 |     3 ||    19
       Finesse           |       |       |       |       |       |       |       |       |     1 ||     1
Evoke: Wand              |       |     2 |       |       |     4 |     1 |     5 |     8 |       ||    20
  Use: Scroll            |       |       |    17 |    12 |     7 |     8 |    13 |    20 |    30 ||   107
       Potion            |       |       |       |     2 |     2 |     2 |     1 |     3 |    15 ||    25
 Stab: Confused          |       |       |       |       |       |     1 |       |       |     1 ||     2
       Distracted        |       |       |       |       |       |       |       |     2 |     1 ||     3
       Paralysed         |       |       |       |       |       |       |       |       |     2 ||     2
  Eat: Chunk             |     1 |     5 |    14 |    19 |    29 |    19 |    32 |    15 |    48 ||   182
       Ration            |       |       |       |     2 |     2 |     4 |     1 |     9 |    11 ||    29
Armor: Scale mail        |    37 |    22 |    35 |       |       |       |       |       |       ||    94
       Chain mail        |       |       |    96 |    92 |       |       |       |       |       ||   188
       Plate armour      |       |       |       |   110 |   146 |   471 |   519 |   841 |   999 ||  3086
       Crystal plate arm |       |       |       |       |   396 |       |       |       |     3 ||   399
Dodge: Dodged            |    44 |    35 |   121 |   191 |   314 |   515 |   546 |   607 |  1559 ||  3932
Block: Shield            |    77 |    44 |   186 |   336 |   934 |  1123 |  1464 |  1994 |   383 ||  6541
       Reflection        |       |       |       |       |       |       |       |    66 |    15 ||    81
       Large shield      |       |       |       |       |       |       |       |       |  4030 ||  4030
       Rpst.: Long sword |    15 |     6 |       |       |    20 |    16 |    55 |       |       ||   112
       Scimitar          |       |       |       |    44 |    49 |    49 |       |       |       ||   142
       Double sword      |       |       |       |       |       |       |    32 |    84 |   240 ||   356
       Falchion          |       |       |       |       |       |       |       |       |     1 ||     1
